 Dungeon Crawl Stone Soup version 0.31-a0-496-g6f97920a28 (webtiles) character file.

Game seed: 2399335200484036872

891 pokeman the Thaumaturge (level 7, -2/40 HPs)
             Began as a Deep Elf Hedge Wizard on Aug 9, 2023.
             Was an Initiate of Vehumet.
             Slain by a water moccasin zombie (6 damage)
             ... on level 5 of the Dungeon.
             The game lasted 00:10:00 (4853 turns).

pokeman the Thaumaturge (Deep Elf Hedge Wizard)     Turns: 4853, Time: 00:10:01

Health: -2/40      AC:  7    Str:  7    XL:     7   Next: 77%
Magic:  10/21      EV: 13    Int: 21    God:    Vehumet [......]
Gold:   219        SH:  0    Dex: 14    Spells: 15/23 levels left

rFire   . . .        c - +1 rapier (venom)
rCold   . . .        (no shield)
rNeg    . . .        b - +0 robe
rPois   .            a - +0 helmet
rElec   .            v - +0 cloak
rCorr   .            (no gloves)
SInv    .            s - +2 pair of boots
Will    .....        (no amulet)
Stlth   ++           j - +4 ring of slaying
HPRegen 0.26/turn    (no ring)
MPRegen 0.17/turn

%: no passive effects
@: no status effects
A: no striking features
a: Renounce Religion


You were on level 5 of the Dungeon.
You worshipped Vehumet.
Vehumet was noncommittal.
You visited 1 branch of the dungeon, and saw 5 of its levels.
You also visited: Sewer.

You collected 219 gold pieces.

Inventory:

Hand Weapons
 c - a +1 rapier of venom (weapon)
Armour
 a - a +0 helmet (worn)
 b - a +0 robe (worn)
 s - a +2 pair of boots (worn)
 v - a +0 cloak (worn)
Magical Staves
 y - a staff of cold
 z - a staff of air
Jewellery
 j - a +4 ring of slaying (left hand)
Wands
 l - a wand of flame (11)
Scrolls
 e - a scroll of acquirement {unknown}
 g - 4 scrolls of identify {unknown}
 h - 3 scrolls of fear {unknown}
 k - 2 scrolls of butterflies {unknown}
 m - 2 scrolls of torment {unknown}
 q - 2 scrolls of revelation {unknown}
 r - a scroll of teleportation {unknown}
 w - a scroll of enchant armour {unknown}
 x - a scroll of blinking {unknown}
Potions
 d - a potion of magic
 f - 8 potions of curing
 i - 4 potions of brilliance {unknown}
 n - a potion of heal wounds {unknown}
 o - a potion of haste {unknown}
 p - 2 potions of lignification {unknown}
 t - 2 potions of invisibility {unknown}
 u - 2 potions of degeneration {unknown}


   Skills:
 - Level 2.0 Fighting
 + Level 2.3 Armour
 - Level 3.0 Dodging
 - Level 3.0 Stealth
 * Level 8.5 Spellcasting
 + Level 4.4 Conjurations
 - Level 1.1 Summonings
 - Level 1.1 Translocations
 + Level 1.6 Ice Magic
 - Level 1.1 Air Magic
 - Level 1.0 Poison Magic
 - Level 1.1 Evocations


You had 15 spell levels left.
You knew the following spells:

 Your Spells              Type           Power      Damage    Failure   Level
a - Magic Dart            Conj           100%       1d8       1%          1
b - Mephitic Cloud        Conj/Pois/Air  18%        N/A       10%         3
c - Call Imp              Summ           26%        N/A       7%          2
d - Blink                 Tloc           26%        N/A       7%          2

Your spell library contained the following spells:

 Spells                   Type           Power      Damage    Failure   Level
 Slow                     Hex            36%        N/A       8%          1
 Cigotuvi's Dreadful Rot  Necr/Pois/Air  24%        N/A       9%          2
 Animate Dead             Necr           9%         N/A       58%         4
 Borgnjor's Vile Clutch   Necr/Erth      4%         N/A       91%         5
 Death Channel            Necr           4%         N/A       100%        6


Dungeon Overview and Level Annotations

Branches:
Dungeon (5/15)              Sewer (visited)
 Temple: D:4-7

Altars:
Cheibriados
Dithmenos
Vehumet
Xom
Yredelemnul

Shops:
D:4 =


Message History

The wyvern zombie is heavily damaged.
The wyvern zombie completely misses you.
The wyvern zombie bites you.
Your cerulean imp hits the wyvern zombie but does no damage.
Casting: Magic Dart (safe; 1% risk of failure)
Confirm with . or Enter, or press ? or * to list all spells.
Aiming: Magic Dart (safe; 1% risk of failure)
Press: ? - help, Shift-Dir - straight line, f/p - wyvern zombie
Aim: a wyvern zombie (heavily damaged, ally target, 100% to hit)
The magic dart hits the wyvern zombie but does no damage.
The wyvern zombie is heavily damaged.
The wyvern zombie bites you!
* * * LOW HITPOINT WARNING * * *
Your cerulean imp hits the wyvern zombie from afar with a -3 spear.
Casting: Magic Dart (safe; 1% risk of failure)
Confirm with . or Enter, or press ? or * to list all spells.
Aiming: Magic Dart (safe; 1% risk of failure)
Press: ? - help, Shift-Dir - straight line, f/p - wyvern zombie
Aim: a wyvern zombie (severely damaged, not watching you, ally target, 100% to hit)
The magic dart hits the wyvern zombie.
The wyvern zombie is severely damaged.
The wyvern zombie bites you!
* * * LOW HITPOINT WARNING * * *
Your cerulean imp hits the wyvern zombie from afar with a -3 spear.
Casting: Magic Dart (safe; 1% risk of failure)
Confirm with . or Enter, or press ? or * to list all spells.
You blink.
Found a basalt altar of Yredelemnul.
The wyvern zombie bites something.
Unknown command.
A bullfrog zombie and a water moccasin zombie come into view.
The wyvern zombie closely misses something.
The water moccasin zombie bites you but does no damage.
The water moccasin zombie attacks as you move away!
The water moccasin zombie bites you but does no damage.
The wyvern zombie misses something.
The water moccasin zombie attacks as you move away!
The water moccasin zombie barely misses you.
You feel stable enough to blink again. The water moccasin zombie bites you.
You die...

#..♣.♣....♣ #######
##♣♣.♣♣♣♣♣.♣♣.......
######...♣♣...♣♣..##
#.........♣._Z♣.♣.Z5.....
..####....♣...♣♣.♣#######
.## #..♣.♣♣.♣..♣ .#
#.#.♣.♣...♣♣### .#
#.#..♣.♣.♣....#.# .#
#.#..♣♣...Z@....#
######.#...........###
.......#...........#
.####..#...........#
.#..#..#...........#
....#..#...........#
##.##..#############
.......# ##.##.##


You could see a water moccasin zombie and a bullfrog zombie (dormant).

Vanquished Creatures
  Sigmund (D:2)
  A black bear (D:4)
  An ogre (D:5)
  A centaur (D:5)
  A phantom (D:5)
  A scorpion (D:4)
  A killer bee zombie (D:5)
  A howler monkey zombie (D:5)
  Robin (D:2)
  4 gnolls
  9 adders
  7 river rats
  4 dart slugs
  2 orcs
  13 ball pythons
  11 endoplasms
  6 giant cockroaches
  12 goblins
  9 hobgoblins
  4 jackals (D:1)
  3 quokkas
  4 bats
  6 frilled lizards
  10 kobolds
  14 rats
127 creatures vanquished.

Notes
Turn   | Place    | Note
-------+----------+-------------------------------------------
     0 | D:1      | pokeman the Deep Elf Hedge Wizard began the quest for the
                  | Orb.
     0 | D:1      | Reached XP level 1. HP: 10/10 MP: 7/7
   314 | D:1      | Reached XP level 2. HP: 16/16 MP: 5/9
   639 | D:1      | Reached skill level 5 in Spellcasting
   639 | D:1      | Reached XP level 3. HP: 20/20 MP: 2/11
   643 | D:1      | Learned a level 3 spell: Mephitic Cloud
   646 | D:1      | Learned a level 2 spell: Call Imp
   649 | D:1      | Learned a level 2 spell: Blink
  1121 | D:1      | Found a faded altar of an unknown god.
  1492 | D:2      | Noticed Sigmund
  1516 | D:2      | Reached skill level 1 in Armour
  1521 | D:2      | Killed Sigmund
  1522 | D:2      | Reached skill level 1 in Fighting
  1522 | D:2      | Reached skill level 6 in Spellcasting
  1522 | D:2      | Reached XP level 4. HP: 19/26 MP: 3/14
  1522 | D:2      | Reached XP level 5. HP: 22/30 MP: 3/15
  1776 | D:2      | Noticed Robin
  1791 | D:2      | HP: 1/30 [poisoned by a goblin]
  1795 | D:2      | Killed Robin
  2003 | D:2      | Reached XP level 6. HP: 35/35 MP: 15/17
  2691 | D:3      | Found a glowing drain.
  2695 | Sewer    | Entered a sewer
  2972 | Sewer    | Reached skill level 7 in Spellcasting
  3399 | D:3      | Reached skill level 1 in Poison Magic
  3697 | D:4      | Reached skill level 1 in Air Magic
  3697 | D:4      | Reached skill level 1 in Evocations
  3697 | D:4      | Reached XP level 7. HP: 39/39 MP: 16/19
  3963 | D:4      | Found a shadowy altar of Dithmenos.
  3965 | D:4      | Found a radiant altar of Vehumet.
  3979 | D:4      | Found a shimmering altar of Xom.
  3979 | D:4      | Found a snail-covered altar of Cheibriados.
  3983 | D:4      | Became a worshipper of Vehumet
  4193 | D:4      | Found Kimmoept's Jewellery Emporium.
  4444 | D:5      | Entered Level 5 of the Dungeon
  4510 | D:5      | Reached skill level 8 in Spellcasting
  4661 | D:5      | Reached skill level 1 in Ice Magic
  4847 | D:5      | HP: 2/40 [wyvern zombie (8)]
  4848 | D:5      | Found a basalt altar of Yredelemnul.
  4853 | D:5      | Slain by a water moccasin zombie

Illustrated notes

Levels and vault maps discovered:
D:1:      mrwooster_arrival_statue_2, layout_basic,
          nicolae_ecumenical_snake_handling, amcnicky_mini_rare_corridor_liquid
D:2:      kennysheep_six_static_rooms, layout_loops_ring, uniq_sigmund,
          uniq_robin
D:3:      layout_basic, gup_sewer_entry_spiral
D:4:      layout_loops_ring, grunt_temple_overflow_open, serial_shops,
          nicolae_shop_behind_doors
D:5:      layout_basic, lemuel_tele_altar, nicolae_yredelemnul_corpse_copse,
          uniq_ijyb

Skill      XL: |  1  2  3  4  5  6  7 |
---------------+----------------------+-----
Spellcasting   | 5 6 7 8 |  8.5
Conjurations   | 2 3 4 |  4.4
Armour         | 1 2 |  2.3
Fighting       | 1 2 |  2.0
Stealth        | 3 |  3.0
Dodging        | 3 |  3.0
Poison Magic   | 1 |  1.0
Air Magic      | 1 |  1.1
Evocations     | 1 |  1.1
Ice Magic      | 1 |  1.6
Summonings     | |  1.1
Translocations | |  1.1

Action                     |  1- 3 |  4- 6 |  7- 9 || total
---------------------------+-------+-------+-------++-------
  Melee: Dagger            |    25 |       |       ||    25
         Mace              |    17 |    34 |       ||    51
         Rapier            |       |    46 |     8 ||    54
         Punch             |       |     3 |       ||     3
   Cast: Magic Dart        |    56 |    91 |    71 ||   218
         Mephitic Cloud    |     2 |     4 |     3 ||     9
         Blink             |       |     1 |     1 ||     2
         Call Imp          |       |       |     1 ||     1
    Use: Potion            |       |     2 |       ||     2
   Stab: Confused          |     2 |     3 |     3 ||     8
         Sleeping          |       |     2 |       ||     2
 Armour: Robe              |    16 |    35 |    11 ||    62
  Dodge: Dodged            |    46 |    66 |    18 ||   130

Table legend: (Time is in decaauts)
 A = Elapsed time spent in this place.
 B = Non-inter-level travel time spent in this place.
 C = Inter-level travel time spent in this place.
 D = Time resting spent in this place.
 E = Time spent auto-exploring this place.
 F = Levels seen in this place.
 G = Mean time per level.
                   A        B        C        D        E       F      G
               +--------+--------+--------+--------+--------+-----+--------+
         Total |   4950 |   4857 |     93 |     22 |   3940 |   6 |  825.0 |
       Dungeon |   4344 |   4251 |     93 |     22 |   3455 |   5 |  868.8 |
         Sewer |    606 |    606 |      0 |      0 |    485 |   1 |  606.0 |
               +--------+--------+--------+--------+--------+-----+--------+

Top non-repeatable levels by time:
     D:1: 1344 daAuts
     D:2: 1117 daAuts
     D:4: 795 daAuts
     D:3: 677 daAuts
   Sewer: 606 daAuts
     D:5: 409 daAuts
